 Dungeon Crawl Stone Soup version 0.29.1-13-g9f3cf754e1 (webtiles) character file.

Game seed: 8216077906596374025

7966 Exodus22XD the Cleaver (level 11, -3/92 (95) HPs)
             Began as a Minotaur Fighter on Feb 3, 2023.
             Was an Elder of Makhleb.
             Slain by a wraith (10 damage)
             ... led by Josephine
             ... on level 10 of the Dungeon.
             The game lasted 00:10:43 (10483 turns).

Exodus22XD the Cleaver (Minotaur Fighter)          Turns: 10483, Time: 00:10:49

HP:   -3/92 (95)    AC: 18    Str: 24    XL:     11   Next: 3%
MP:   15/15         EV: 10    Int:  8    God:    Makhleb [****..]
Gold: 171           SH:  5    Dex: 11    Spells: 10/10 levels left

rFire   + + .      SeeInvis +   e - +7 broad axe of Uroirchuff {vorpal, rPois rF+ rCorr Int+3}
rCold   . . .      Faith    .   c - +0 buckler
rNeg    . . .      Spirit   .   a - +4 scale mail {rF+}
rPois   +          Reflect  .   (helmet restricted)
rElec   .          Harm     .   (no cloak)
rCorr   +          Rampage  .   R - +0 pair of gloves
Will    .....                   (no boots)
Stlth   ..........              (no amulet)
HPRegen 0.25/turn               x - ring of see invisible
MPRegen 0.14/turn               O - +4 ring of protection

@: slowed, lightly drained, very slow
A: horns 2, retaliatory headbutt
a: Renounce Religion, Minor Destruction, Lesser Servant of Makhleb, Major
Destruction


You were on level 10 of the Dungeon.
You worshipped Makhleb.
Makhleb was greatly pleased with you.
You visited 1 branch of the dungeon, and saw 10 of its levels.

You collected 675 gold pieces.
You spent 504 gold pieces at shops.

Inventory:

Hand Weapons
 e - the +7 broad axe of Uroirchuff (weapon) {vorpal, rPois rF+ rCorr Int+3}
   (You acquired it on level 9 of the Dungeon)

   It inflicts extra damage upon your enemies.
   Int:       It affects your intelligence (+3).
   rF:        It protects you from fire.
   rPois:     It protects you from poison.
   rCorr:     It protects you from acid and corrosion.
 s - a +0 demon whip
 H - the +8 war axe of Brawling {vorpal, rElec}
   (You bought it in a shop on level 6 of the Dungeon)

   It inflicts extra damage upon your enemies.
   rElec:     It insulates you from electricity.
 M - a +5 whip
 T - a +0 war axe
Armour
 a - a +4 scale mail of fire resistance (worn)
 c - a +0 buckler (worn)
 R - a +0 pair of gloves (worn)
Jewellery
 x - a ring of see invisible (left hand)
 z - a ring of magical power
 L - an amulet of magic regeneration
 N - a +4 ring of evasion
 O - a +4 ring of protection (right hand)
Wands
 v - a wand of flame (27)
 w - a wand of charming (11)
 Q - a wand of polymorph (5)
Scrolls
 h - 4 scrolls of butterflies
 j - 2 scrolls of identify
 k - a scroll of torment
 l - 2 scrolls of vulnerability {unknown}
 n - 2 scrolls of immolation {unknown}
 q - a scroll of enchant weapon {unknown}
 r - a scroll of amnesia {unknown}
 u - 5 scrolls of teleportation
 y - 3 scrolls of poison
 A - 3 scrolls of blinking {unknown}
 B - 2 scrolls of fear {unknown}
 C - a scroll of magic mapping {unknown}
 D - a scroll of noise {unknown}
 I - 2 scrolls of summoning {unknown}
 P - a scroll of enchant armour {unknown}
Potions
 b - a potion of flight {unknown}
 d - 4 potions of might
 f - a potion of magic {unknown}
 g - 3 potions of degeneration
 i - 5 potions of haste
 m - 5 potions of heal wounds
 o - a potion of brilliance {unknown}
 p - 2 potions of curing {unknown}
 t - 2 potions of cancellation {unknown}
 E - 2 potions of resistance {unknown}
 F - a potion of berserk rage {unknown}
 G - 2 potions of ambrosia {unknown}
 J - 2 potions of mutation {unknown}
 K - a potion of lignification {unknown}


   Skills:
 + Level 8.3 Fighting
 + Level 12.8 Axes
 + Level 9.5 Armour
 - Level 3.2 Dodging
 + Level 6.3 Shields
 * Level 7.6 Invocations


You had 10 spell levels left.
You didn't know any spells.
Your spell library was empty.

Dungeon Overview and Level Annotations

Branches:
Dungeon (10/15)            Temple (0/1) D:4             Orc (0/2) D:9
   Lair: D:8-11

Altars:
Ashenzari
Cheibriados
Dithmenos
Elyvilon
Gozag
Makhleb
Qazlal
Ru
Sif Muna
Vehumet
Wu Jian
Xom
Zin

Shops:
D:6 *   D:9 [(

Annotations:
D:6 3 runed translucent doors, kalagan's ghost, novice DECj


Innate Abilities, Weirdness & Mutations

You have a pair of horns on your head.
You reflexively headbutt those who attack you in melee.


Message History

Josephine is heavily wounded.
You hit the wraith but do no damage. You slash the wraith!
The wraith hits you but does no damage. The wraith hits you.
The wraith drains your vigour!
You feel as though you will be slow longer.
Josephine hits you but does no damage.
You slash Josephine!
Josephine is severely wounded.
You hit the wraith. x2; You block the wraith's attack.
Josephine hits you but does no damage.
The wraith hits you but does no damage. x3
Josephine draws life force from you!
* * * LOW HITPOINT WARNING * * *
Josephine is healed by the life force!
You slash Josephine!
Josephine is severely wounded.
You completely miss the wraith. You closely miss the wraith.
The wraith hits you.
* * * LOW HITPOINT WARNING * * *
The wraith drains your vigour!
You feel as though you will be slow longer.
The wraith hits you but does no damage. You block Josephine's attack.
Aiming: Major Destruction (8% risk of failure)
Press: ? - help, Shift-Dir - straight line, f - Josephine
Aim: Josephine, wielding a +0 dagger and wearing a +0 robe (severely wounded)
The bolt of acid hits Josephine!!
You kill Josephine!
Makhleb accepts your kill.
You feel better.
The bolt of acid hits the wraith.
The acid corrodes the wraith!
The wraith is lightly damaged.
The wraith hits you.
* * * LOW HITPOINT WARNING * * *
The wraith drains your vigour!
You feel as though you will be slow longer.
The wraith hits you.
* * * LOW HITPOINT WARNING * * *
The wraith drains your vigour!
You feel as though you will be slow longer.
The wraith hits you but does no damage. The wraith hits you!
You die...

..#...รท.......#####
..#^...#..........#
.......#..........#####
#.....................#
........#.............#
........####..........#
........####..........##
..............#
......W@......#
......WW##.......
.............#...
.....##......#.... .....
#......# ... ...)
....#### ... ....# ...
....#


You could see 3 wraiths.

Vanquished Creatures
  Josephine (D:10)
  Erolcha (D:10)
  A troll (D:9)
  A shadow (D:7)
  21 yaks
  A wraith (D:10)
  2 wyverns
  A steam dragon (D:8)
  Edmund (D:6)
  A water moccasin (D:6)
  2 black bears
  5 orc warriors
  3 ogres
  4 centaurs
  2 phantoms
  3 kobold brigands
  2 bullfrogs
  2 scorpions
  15 killer bees
  An electric eel (D:8)
  A howler monkey (D:7)
  2 hounds
  A jelly (D:6)
  2 orc priests
  A gnoll bouda (D:8)
  6 orc wizards
  3 iguanas (D:6)
  3 gnolls (D:8)
  8 adders
  2 white imps (D:5)
  2 worms
  A dart slug (D:2)
  23 orcs
  6 ball pythons
  3 bats
  5 endoplasms
  7 giant cockroaches
  2 goblins
  12 hobgoblins
  10 jackals
  3 quokkas
  4 frilled lizards
  15 kobolds
  3 rats
195 creatures vanquished.

Vanquished Creatures (others)
  4 plants (D:8)
4 creatures vanquished.

Grand Total: 199 creatures vanquished

Notes
Turn   | Place    | Note
-------+----------+-------------------------------------------
     0 | D:1      | Exodus22XD the Minotaur Fighter began the quest for the
                  | Orb.
     0 | D:1      | Reached XP level 1. HP: 19/19 MP: 0/0
   124 | D:1      | Reached XP level 2. HP: 26/27 MP: 1/1
   152 | D:1      | Found a faded altar of an unknown god.
   169 | D:1      | Prayed at the altar of an unknown god.
   169 | D:1      | Became a worshipper of Makhleb the Destroyer
   169 | D:1      | Reached * piety under Makhleb
   963 | D:2      | Reached XP level 3. HP: 31/33 MP: 2/2
  1673 | D:3      | Noticed a phantom
  1678 | D:3      | Reached skill level 1 in Invocations
  1686 | D:3      | Reached ** piety under Makhleb
  1687 | D:3      | Reached skill level 3 in Axes
  1689 | D:3      | Killed a phantom
  1690 | D:3      | Reached XP level 4. HP: 20/41 MP: 2/4
  1869 | D:3      | Reached XP level 5. HP: 45/47 MP: 5/5
  2408 | D:3      | Found a shadowy altar of Dithmenos.
  2408 | D:3      | Found a stormy altar of Qazlal.
  2534 | D:4      | Found a staircase to the Ecumenical Temple.
  2867 | D:4      | Reached skill level 4 in Axes
  2989 | D:4      | Reached skill level 1 in Dodging
  3455 | D:4      | Noticed a phantom
  3462 | D:4      | Killed a phantom
  3463 | D:4      | Reached XP level 6. HP: 53/53 MP: 6/6
  3622 | D:5      | Entered Level 5 of the Dungeon
  3639 | D:5      | Reached skill level 5 in Armour
  3783 | D:5      | Found a burning altar of Makhleb.
  3912 | D:5      | Reached skill level 5 in Axes
  3952 | D:5      | Identified the +1 leather armour of the Thirsty Tales
                  | {*Slow rPois Stlth+}
  4215 | D:5      | Found a radiant altar of Vehumet.
  4526 | D:6      | Found an opulent altar of Gozag.
  4576 | D:6      | Found a snail-covered altar of Cheibriados.
  4631 | D:6      | Found a broken altar of Ashenzari.
  4633 | D:6      | Noticed a water moccasin
  4643 | D:6      | Killed a water moccasin
  4644 | D:6      | Reached skill level 5 in Fighting
  4644 | D:6      | Reached XP level 7. HP: 7/61 MP: 8/8
  4646 | D:6      | HP: 3/61 [poisoned by a water moccasin]
  4649 | D:6      | HP: 1/61 [poisoned by a water moccasin]
  5044 | D:6      | Reached skill level 6 in Axes
  5177 | D:6      | Found Qel Lot's Assorted Antiques.
  5185 | D:6      | Bought an ebony war axe for 238 gold pieces
  5185 | D:6      | Identified the +8 war axe of Brawling {vorpal, rElec} (You
                  | bought it in a shop on level 6 of the Dungeon)
  5331 | D:6      | Noticed kalagan's ghost (novice DECj)
  5337 | D:6      | Found a runed translucent gate.
  5337 | D:6      | Found a runed translucent gate.
  5338 | D:6      | Found a runed translucent gate.
  5386 | D:6      | Reached *** piety under Makhleb
  5459 | D:6      | Noticed Edmund
  5463 | D:6      | Killed Edmund
  5538 | D:6      | Reached XP level 8. HP: 34/68 MP: 9/9
  5850 | D:7      | Reached skill level 7 in Axes
  5890 | D:7      | Reached skill level 8 in Axes
  6015 | D:7      | Reached skill level 5 in Shields
  6096 | D:7      | Found a shimmering altar of Xom.
  6174 | D:7      | Noticed a culicivora
  6183 | D:7      | Noticed a meliai
  6183 | D:7      | a culicivora changed into a meliai
  6198 | D:7      | Found a shimmering altar of Xom.
  6198 | D:7      | Found a shimmering altar of Xom.
  6198 | D:7      | Found a shimmering altar of Xom.
  6199 | D:7      | Found a shimmering altar of Xom.
  6199 | D:7      | Found a shimmering altar of Xom.
  6206 | D:7      | Found a shimmering altar of Xom.
  6212 | D:7      | Identified the +6 falchion of the Arena {drain, rC+ Str+3}
  6218 | D:7      | Reached skill level 5 in Invocations
  6222 | D:7      | Reached XP level 9. HP: 70/75 MP: 11/11
  6276 | D:7      | Reached skill level 9 in Axes
  6463 | D:7      | Found a glowing silver altar of Zin.
  6528 | D:7      | Found a shimmering altar of Xom.
  6529 | D:7      | Noticed a cyclops
  6814 | D:7      | Noticed an unseen horror
  7335 | D:8      | Reached skill level 10 in Axes
  7432 | D:8      | Reached **** piety under Makhleb
  7953 | D:8      | Found a white marble altar of Elyvilon.
  7981 | D:9      | Noticed a troll
  7982 | D:9      | Found a sacrificial altar of Ru.
  7986 | D:9      | Killed a troll
  7987 | D:9      | Reached XP level 10. HP: 86/86 MP: 13/13
  8016 | D:9      | Identified a scroll of acquirement
  8020 | D:9      | Acquired the +7 broad axe of Uroirchuff {vorpal, rPois rF+
                  | rCorr Int+3}
  8108 | D:9      | Reached skill level 11 in Axes
  8508 | D:9      | Found an ornate altar of the Wu Jian Council.
  8542 | D:9      | Found Xyteth's Weapon Shoppe.
  8542 | D:9      | Found a staircase to the Orcish Mines.
  8544 | D:9      | Found Depots's Armour Shoppe.
  9135 | D:9      | Found a shimmering blue altar of Sif Muna.
  9699 | D:10     | Entered Level 10 of the Dungeon
  9707 | D:10     | Noticed Erolcha
  9717 | D:10     | Killed Erolcha
  9785 | D:10     | Reached skill level 12 in Axes
 10178 | D:10     | Reached XP level 11. HP: 69/95 MP: 15/15
 10301 | D:6      | Bought a polished chain mail for 266 gold pieces
 10301 | D:6      | Identified the +0 chain mail "Joicwugg" {*Corrode rF+ rC+
                  | MP+9} (You bought it in a shop on level 6 of the Dungeon)
 10469 | D:10     | Noticed Josephine
 10483 | D:10     | Killed Josephine
 10483 | D:10     | Slain by a wraith

Illustrated notes

Levels and vault maps discovered:
D:1:      tarquinn_simple_flora_water_e, layout_rooms,
          hellmonk_ecumenical_altar_pennies_from_heaven, minmay_pentomino_s4
D:2:      layout_basic, minmay_quadrilaterals
D:3:      layout_loops_cross, gammafunk_temple_overflow_elements,
          dk_noncrumbling_4, minmay_fountain_box
D:4:      layout_basic, minmay_temple_entry_statues_pillars,
          corexii_corridor_pit, eino_tiny_chamber
D:5:      layout_basic, mainiacjoe_overflow_small_starburst,
          vehumet_altar_wand_db
D:6:      layout_basic, mainiacjoe_overflow_cross_hatched,
          evilmike_ruin_ashenzari, mainiacjoe_overflow_concentric_impassable,
          serial_shops, shop, gammafunk_ghost_split,
          chequers_serial_rivers_marsh, uniq_edmund
D:7:      layout_cave_pools, xom_shifter_show, zin_scriptorium
D:8:      layout_basic, nicolae_elyvilon_temple_path
D:9:      layout_stronghold, old_standard_altar,
          nicolae_sif_muna_little_library, amcnicky_altar_gilded, orc_david_3
D:10:     layout_basic, lightli_corner_chamber, uniq_josephine, uniq_erolcha,
          uniq_gastronok

Skill      XL: |  1  2  3  4  5  6  7  8  9 10 |
---------------+-------------------------------+-----
Armour         | 4 5 6 7 8 9 |  9.5
Fighting       | 4 5 7 8 |  8.3
Shields        | 4 5 6 |  6.3
Invocations    | 1 2 3 5 6 7 |  7.6
Axes           | 3 4 5 6 8 10 12 | 12.8
Dodging        | 1 2 3 |  3.2

Action                   |  1- 3 |  4- 6 |  7- 9 | 10-12 || total
-------------------------+-------+-------+-------+-------++-------
Melee: War axe           |    82 |   116 |   150 |    20 ||   368
       Headbutt          |    10 |    15 |    27 |    17 ||    69
       Broad axe         |       |       |       |   108 ||   108
Invok: Major Destruction |       |       |       |     1 ||     1
  Use: Scroll            |       |       |       |     9 ||     9
       Potion            |       |       |       |     1 ||     1
Armor: Scale mail        |    42 |    54 |    70 |    70 ||   236
Dodge: Dodged            |    40 |    56 |    73 |    80 ||   249
Block: Buckler           |    22 |    29 |    43 |    34 ||   128
